 Dungeon Crawl Stone Soup version 0.32-a0-30-gefbe487952 (webtiles) character file.

Game seed: 15994292809394626703

15419 cforsyth the Fighter (level 12, -5/100 HPs)
             Began as a Djinni Alchemist on Jan 20, 2024.
             Was a Believer of Nemelex Xobeh.
             Killed from afar by Frances (46 damage)
             ... with an iron shot
             ... on level 12 of the Dungeon.
             The game lasted 00:27:15 (13986 turns).

cforsyth the Fighter (Djinni Alchemist)            Turns: 13986, Time: 00:27:15

Health: -5/100     AC: 10    Str:  7    XL:     12   Next: 57%
Gold:   703        EV: 13    Int: 22    God:    Nemelex Xobeh [**....] SH:  0 Dex: 20

rFire   + + +        k - staff of fire
rCold   x . .        (no shield)
rNeg    . . .        D - +2 robe {Will+}
rPois   ∞            s - +2 hat
rElec   .            g - +0 cloak
rCorr   .            j - +2 pair of gloves
SInv    +            (boots unavailable)
Will    ++...        (no amulet)
Stlth   ++           m - ring of see invisible
HPRegen 0.36/turn    e - +6 ring of dexterity
MPRegen 0.00/turn

%: infuse magic (-6 HP)
@: radiating poison, flying
A: sickness immunity, fire resistance 2, cold vulnerability 1, float, innate
caster, HP casting, extra vitality 1
a: Renounce Religion, Draw Escape, Draw Destruction, Draw Summoning


You were on level 12 of the Dungeon.
You worshipped Nemelex Xobeh.
Nemelex Xobeh was pleased with you.
You visited 2 branches of the dungeon, and saw 13 of its levels.

You collected 703 gold pieces.

Inventory:

Missiles
 H - a throwing net
Armour
 g - a +0 cloak (worn)
 j - a +2 pair of gloves (worn)
 s - a +2 hat (worn)
 A - a +0 leather armour of willpower
 D - a +2 robe of willpower (worn)
 J - a +0 troll leather armour
Magical Staves
 k - a staff of fire (weapon)
Jewellery
 b - a ring of fire
 e - a +6 ring of dexterity (right hand)
 m - a ring of see invisible (left hand)
 x - a ring of fire
 I - a ring of willpower
Wands
 t - a wand of quicksilver (4)
 y - a wand of paralysis (5)
Scrolls
 a - 2 scrolls of immolation
 d - 3 scrolls of fog
 o - a scroll of poison {unknown}
 r - 2 scrolls of noise
 L - a scroll of acquirement
Potions
 c - 2 potions of curing
 f - a potion of enlightenment {unknown}
 h - 2 potions of invisibility
 i - a potion of mutation {unknown}
 n - 2 potions of heal wounds
 p - 2 potions of resistance
 q - 4 potions of attraction
 w - 2 potions of might
 z - a potion of brilliance
 E - a potion of cancellation {unknown}


   Skills:
 + Level 14.1 Fighting
 - Level 2.1 Dodging
 - Level 1.5 Stealth
 + Level 11.2 Spellcasting
 + Level 11.2 Conjurations
 + Level 11.2 Hexes
 + Level 11.2 Summonings
 + Level 11.2 Necromancy
 + Level 11.2 Translocations
 + Level 11.2 Fire Magic
 + Level 11.2 Ice Magic
 + Level 11.2 Air Magic
 + Level 11.2 Earth Magic
 + Level 11.2 Alchemy


You knew the following spells:

 Your Spells              Type           Power      Damage    Failure   Level
a - Sting                 Conj/Alch      100%       1d9       1%          1
b - Mercury Vapours       Alch/Air       100%       N/A       1%          2
c - Mephitic Cloud        Conj/Alch/Air  58%        N/A       1%          3
d - Olgreb's Toxic Radia  Alch           58%        N/A       1%          4
e - Sticky Flame          Fire/Alch      75%        2d12      1%          4
f - Slow                  Hex            100%       N/A       1%          1
g - Lesser Beckoning      Tloc           100%       N/A       1%          2
h - Inner Flame           Hex/Fire       75%        N/A       1%          3
i - Teleport Other        Tloc           58%        N/A       1%          3
j - Curse of Agony        Necr           58%        N/A       1%          5
Your spell library was empty.

Dungeon Overview and Level Annotations

Branches:
Dungeon (12/15)            Temple (1/1) D:6            Lair (0/5) D:10
    Orc (0/2) D:9

Altars:
Ashenzari
Cheibriados
Dithmenos
Elyvilon
Fedhas
Gozag
Hepliaklqana
Makhleb
Nemelex Xobeh
Okawaru
Qazlal
Ru
Trog
Uskayaw
Wu Jian
Xom
Yredelemnul
Zin
The Shining One

Shops:
D:10 (   D:11 *

Portals:
Ice
Cave: D:12

Annotations:
D:4 porpoise's ghost, amateur HuHu
D:9 2 transporters, draino's ghost, novice FeSu
D:10 2 transporters, 3 runed translucent doors, croobank's ghost, journeyman FeSu
D:11 3 runed translucent doors, exclusion: obsidian statue, Azoth's ghost, journeyman FeCj
D:12 Frances


Innate Abilities, Weirdness & Mutations

You are immune to sickness and miasma.
You are immune to poison.
Your flesh is very heat resistant. (rF++)
You are vulnerable to cold. (rC-)
You float through the air rather than walking.
You learn spells naturally, not from books.
Your magical power is your life essence.
You have superior vitality. (+4 MHP)


Message History

You begin to radiate toxic energy.
The manticore looks as sick as possible!
The manticore is poisoned.
The manticore looks even sicker.
You kill the manticore!
Casting: Olgreb's Toxic Radiance (mildly dangerous; 1% risk of failure)
Confirm with . or Enter, or press ? or * to list all spells.
Aiming: Sticky Flame (mildly dangerous; 1% risk of failure)
Press: ? - help, Shift-Dir - straight line, f - Frances
Aim: Frances, wielding a +0 war axe and wearing a +4 ring mail of poison resistance (noxious fumes)
You feel a surge of power!
The sticky flame hits Frances.
Frances is lightly wounded.
The manticore looks even sicker.
Frances burns!
Frances screams a word of power!
Frances seems to speed up.
The teleport trap disappears.
The slime creature disappears!
Casting: Sticky Flame (mildly dangerous; 1% risk of failure)
Confirm with . or Enter, or press ? or * to list all spells.
Aiming: Sticky Flame (mildly dangerous; 1% risk of failure)
Press: ? - help, Shift-Dir - straight line, f/p - Frances
Aim: Frances, wielding a +0 war axe and wearing a +4 ring mail of poison resistance (noxious fumes, lightly wounded, fast, covered in liquid flames)
You feel a surge of power!
The sticky flame hits Frances!!
Frances is moderately wounded.
The manticore looks as sick as possible!
Frances burns!
Frances hits you with a +0 war axe.
A slime creature comes into view.
The manticore is engulfed in noxious fumes.
Casting: Sticky Flame (mildly dangerous; 1% risk of failure)
Confirm with . or Enter, or press ? or * to list all spells.
Aiming: Inner Flame (safe; 1% risk of failure)
Press: ? - help, Dir - move target, f/p - Frances
Aim: Frances, wielding a +0 war axe and wearing a +4 ring mail of poison resistance (noxious fumes, moderately wounded, fast, covered in liquid flames, chance to affect: 50%)
You feel a surge of power!
Frances resists with significant effort.
The manticore looks as sick as possible!
Frances burns!
Frances hits you with a +0 war axe.
The manticore is engulfed in noxious fumes.
Frances whispers indecipherable words.
The iron shot hits you!!!
You die...
Your body glows slightly and disappears.

*,,,,,,,.####.#......+.,,,,,,,,,*
*,,,,,,,.+....#......##*,,,,,,,,,
*,,,,,,,.######...^..##*,,,,,,,,*
***+****#######......##*******,**
*,* #######......## **,,,* *,**
##########'#### *,,*** *,,**
########...#### **,** **,,* #.###
*,,* *****+** ****#@#** **+******
**,,,,,* #..J@...# ***,,,,,,,*
,+,,,,,* #.§H....#***,+,,,,,,,*
**,,,,,****#§§§○§..#*,,,*,,,,,,,*
*,,,,,+,,..§§§§.†.#*,***,,,,,,,*
*,,,,,*,.#.§§§....#,,* *,,,,,,,*
*,,,,,,,#.#.......+,** ****+****
****+,,*J∩.#......#** *,,*
*,*,,*,*,,,***** **,*


You could see Frances (fast, burning), 2 slime creatures and a manticore
(extremely poisoned).

Vanquished Creatures
  Harold (D:10)
  Erica (D:10)
  Erolcha (D:10)
  A two-headed ogre (D:10)
  A boulder beetle (D:11)
  Urug (D:11)
  A manticore (D:12)
  An elephant (D:10)
  A centaur zombie (D:10)
  3 trolls
  Grinder (D:4)
  A meliai zombie (D:10)
  Sigmund (D:4)
  A shadow (D:11)
  21 yaks
  2 vampires (D:10)
  A wyvern (D:7)
  2 basilisks (D:10)
  An acid dragon (D:11)
  2 water moccasins
  6 orc warriors
  2 sky beasts
  A black bear (D:6)
  5 ogres
  5 centaurs
  A phantom (D:5)
  4 kobold brigands
  7 bullfrogs
  5 gnoll sergeants (D:9)
  3 scorpions
  9 wights
  14 killer bees
  3 howler monkeys (D:11)
  A bombardier beetle (D:5)
  5 hounds
  3 jellies
  10 orc priests
  A gnoll bouda (D:3)
  2 sleepcaps
  5 iguanas
  8 orc wizards
  Robin (D:3)
  12 gnolls
  9 adders
  4 shadow imps
  2 white imps (D:6)
  A ribbon worm (D:2)
  4 dart slugs
  50 orcs
  4 ball pythons
  5 bats
  7 endoplasms
  6 giant cockroaches
  8 goblins
  15 hobgoblins
  2 jackals (D:1)
  7 kobolds
  4 quokkas
  7 frilled lizards
  3 rats
296 creatures vanquished.

Notes
Turn   | Place    | Note
-------+----------+-------------------------------------------
     0 | D:1      | cforsyth the Djinni Alchemist began the quest for the Orb.
     0 | D:1      | cforsyth set off with the following spells memorised:
                  | Sting, Mercury Vapours, Mephitic Cloud, Olgreb's Toxic
                  | Radiance, Sticky Flame.
     0 | D:1      | Reached XP level 1. HP: 15/15 MP: 0/0
   281 | D:1      | Reached XP level 2. HP: 20/22 MP: 0/0
   373 | D:1      | Reached skill level 1 in Fighting
   676 | D:1      | Reached XP level 3. HP: 27/27 MP: 0/0
   676 | D:1      | Learned a level 1 spell: Slow
  1137 | D:2      | Reached skill level 2 in Fighting
  1208 | D:2      | Reached XP level 4. HP: 29/33 MP: 0/0
  1350 | D:2      | Found a glowing golden altar of the Shining One.
  1995 | D:3      | Noticed Robin
  2008 | D:3      | Killed Robin
  2023 | D:3      | Reached XP level 5. HP: 20/40 MP: 0/0
  2023 | D:3      | Learned a level 2 spell: Lesser Beckoning
  2038 | D:3      | Reached skill level 3 in Fighting
  2424 | D:3      | Reached XP level 6. HP: 36/47 MP: 0/0
  2749 | D:3      | Found a bloodstained altar of Trog.
  2749 | D:3      | Noticed a water moccasin
  2787 | D:4      | Reached skill level 4 in Fighting
  3001 | D:4      | Found a runed translucent gate.
  3176 | D:4      | Noticed Sigmund
  3185 | D:4      | Killed Sigmund
  3186 | D:4      | Reached XP level 7. HP: 46/53 MP: 0/0
  3186 | D:4      | Learned a level 3 spell: Inner Flame
  3250 | D:4      | Found a glowing silver altar of Zin.
  3322 | D:4      | Reached skill level 5 in Fighting
  3322 | D:4      | Reached skill level 5 in Spellcasting
  3322 | D:4      | Reached skill level 5 in Conjurations
  3322 | D:4      | Reached skill level 5 in Hexes
  3322 | D:4      | Reached skill level 5 in Summonings
  3322 | D:4      | Reached skill level 5 in Necromancy
  3322 | D:4      | Reached skill level 5 in Translocations
  3322 | D:4      | Reached skill level 5 in Fire Magic
  3322 | D:4      | Reached skill level 5 in Ice Magic
  3322 | D:4      | Reached skill level 5 in Air Magic
  3322 | D:4      | Reached skill level 5 in Earth Magic
  3322 | D:4      | Reached skill level 5 in Alchemy
  3488 | D:4      | Noticed Grinder
  3492 | D:4      | Killed Grinder
  3493 | D:4      | Reached XP level 8. HP: 39/61 MP: 0/0
  3686 | D:4      | Noticed porpoise's ghost (amateur HuHu)
  3687 | D:4      | Found a runed translucent gate.
  3687 | D:4      | Identified the +3 scale mail of Optimism {rPois rN+++ Will-
                  | Dex+2}
  3688 | D:4      | Found a runed translucent gate.
  3962 | D:5      | Entered Level 5 of the Dungeon
  3974 | D:5      | Reached skill level 6 in Fighting
  4288 | D:5      | Found a transporter.
  4308 | D:5      | Found a transporter.
  4319 | D:5      | Reached skill level 7 in Fighting
  5044 | D:3      | Found a blossoming altar of Fedhas.
  5053 | D:3      | Reached XP level 9. HP: 55/68 MP: 0/0
  5053 | D:3      | Learned a level 3 spell: Teleport Other
  5512 | D:6      | Reached skill level 8 in Fighting
  5936 | D:6      | Found a large runed translucent door.
  5936 | D:6      | Found a large runed translucent door.
  5941 | D:6      | Found a shimmering altar of Xom.
  6031 | D:6      | Reached skill level 9 in Fighting
  6033 | D:6      | Reached XP level 10. HP: 40/78 MP: 0/0
  6457 | D:6      | Found a staircase to the Ecumenical Temple.
  6689 | D:6      | Reached skill level 10 in Fighting
  8869 | D:8      | Found a glowing golden altar of the Shining One.
  8960 | D:8      | Found a hide-covered altar of Uskayaw.
  9027 | D:8      | Reached skill level 11 in Fighting
  9309 | Temple   | Entered the Ecumenical Temple
  9319 | Temple   | Became a worshipper of Nemelex Xobeh the Trickster
  9468 | D:9      | Noticed draino's ghost (novice FeSu)
  9469 | D:9      | Noticed a deep elf pyromancer
  9474 | D:9      | Found a transporter.
  9718 | D:9      | Found a transporter.
  9761 | D:9      | Reached * piety under Nemelex Xobeh
  9889 | D:9      | Found a staircase to the Orcish Mines.
  9895 | D:9      | Reached XP level 11. HP: 55/87 MP: 0/0
  9895 | D:9      | Learned a level 5 spell: Curse of Agony
 10422 | D:10     | Entered Level 10 of the Dungeon
 10713 | D:10     | Reached skill level 12 in Fighting
 10720 | D:10     | Noticed Erolcha
 10723 | D:10     | Noticed a two-headed ogre
 11014 | D:10     | Killed a two-headed ogre
 11016 | D:10     | Killed Erolcha
 11017 | D:10     | Reached skill level 10 in Spellcasting
 11017 | D:10     | Reached skill level 10 in Conjurations
 11017 | D:10     | Reached skill level 10 in Hexes
 11017 | D:10     | Reached skill level 10 in Summonings
 11017 | D:10     | Reached skill level 10 in Necromancy
 11017 | D:10     | Reached skill level 10 in Translocations
 11017 | D:10     | Reached skill level 10 in Fire Magic
 11017 | D:10     | Reached skill level 10 in Ice Magic
 11017 | D:10     | Reached skill level 10 in Air Magic
 11017 | D:10     | Reached skill level 10 in Earth Magic
 11017 | D:10     | Reached skill level 10 in Alchemy
 11242 | D:10     | Noticed Erica
 11253 | D:10     | Noticed Harold
 11254 | D:10     | Killed Erica
 11260 | D:10     | Killed Harold
 11356 | D:10     | Received a gift from Nemelex Xobeh
 11367 | D:10     | Noticed an elephant
 11368 | D:10     | Reached skill level 13 in Fighting
 11371 | D:10     | Reached XP level 12. HP: 55/98 MP: 0/0
 11561 | D:10     | Found a transporter.
 11842 | D:10     | Found a runed translucent gate.
 11842 | D:10     | Found a runed translucent gate.
 11842 | D:10     | Found a runed translucent gate.
 11842 | D:10     | Noticed croobank's ghost (journeyman FeSu)
 11844 | D:10     | Found a basalt altar of Yredelemnul.
 12029 | D:10     | Found Xarhu Own's Antique Weapon Shop.
 12122 | D:10     | Found a shadowy altar of Dithmenos.
 12126 | D:10     | Found a burning altar of Makhleb.
 12177 | D:10     | Found a staircase to the Lair.
 12364 | D:10     | Found a transporter.
 12574 | D:11     | Noticed a boulder beetle
 12585 | D:11     | Killed a boulder beetle
 13059 | D:11     | Reached ** piety under Nemelex Xobeh
 13099 | D:11     | Received a gift from Nemelex Xobeh
 13106 | D:11     | Noticed Urug
 13114 | D:11     | Killed Urug
 13115 | D:11     | Reached skill level 14 in Fighting
 13290 | D:11     | Found a runed translucent gate.
 13290 | D:11     | Found a runed translucent gate.
 13290 | D:11     | Found a runed translucent gate.
 13292 | D:11     | Found an opulent altar of Gozag.
 13292 | D:11     | Noticed a boulder beetle
 13294 | D:11     | Noticed a centaur warrior
 13296 | D:11     | Found Apuehu's Assorted Antiques.
 13296 | D:11     | Noticed a yaktaur captain
 13296 | D:11     | Noticed Azoth's ghost (journeyman FeCj)
 13860 | D:12     | Identified a scroll of acquirement
 13862 | D:12     | Noticed a skeletal warrior
 13862 | D:12     | Noticed a skeletal warrior
 13865 | D:12     | Noticed a skeletal warrior
 13977 | D:12     | Found a frozen archway.
 13977 | D:12     | Noticed Frances
 13986 | D:12     | Killed from afar by Frances

Illustrated notes

Levels and vault maps discovered:
D:1:      tarquinn_simple_flora_water_a, layout_basic, st_stairs_1
D:2:      layout_basic, basic_altar, small_statue_intersection
D:3:      layout_basic, jmf_multi_god_temple2, dreamdust_wishing_well,
          uniq_robin
D:4:      layout_basic, zin_academy, biasface_ghost_orc_armoury, uniq_sigmund,
          uniq_grinder
D:5:      gammafunk_wand_slinger, layout_rooms
D:6:      due_chaos_kobolds, layout_basic, minmay_temple_entry_overgrown,
          nicolae_figureground_sparkle
D:7:      layout_basic
D:8:      layout_basic, marbit_many_paths, lemuel_crystal_altar,
          mainiacjoe_overflow_alcove_2
D:9:      layout_irregular_city, kennysheep_orc_monster_closet_entryway,
          gammafunk_ghost_arena
D:10:     layout_basic, nicolae_yredelemnul_ghost_church, minitemple,
          david_lair_generic, serial_shops, nicolae_shop_drivethru,
          grunt_ministairs_6, uniq_erica, uniq_harold, uniq_erolcha
D:11:     nicolae_BIG_FREAKIN_CUBE, layout_loops_ring, ebering_ghost_gozag,
          uniq_urug
D:12:     layout_roguey [special_room_bee], portal_ice_cave_entry_pillars_2,
          minivault_24, nicolae_gozag_seed_capital, uniq_frances, uniq_rupert
Temple:   nicolae_temple_hex_pool

Skill      XL: |  1  2  3  4  5  6  7  8  9 10 11 12 |
---------------+-------------------------------------+-----
Fighting       | 1 2 3 4 5 7 9 11 13 14 | 14.1
Spellcasting   | 4 5 6 7 9 10 11 | 11.2
Conjurations   | 4 5 6 7 9 10 11 | 11.2
Hexes          | 4 5 6 7 9 10 11 | 11.2
Summonings     | 4 5 6 7 9 10 11 | 11.2
Necromancy     | 4 5 6 7 9 10 11 | 11.2
Translocations | 4 5 6 7 9 10 11 | 11.2
Fire Magic     | 4 5 6 7 9 10 11 | 11.2
Ice Magic      | 4 5 6 7 9 10 11 | 11.2
Air Magic      | 4 5 6 7 9 10 11 | 11.2
Earth Magic    | 4 5 6 7 9 10 11 | 11.2
Alchemy        | 4 5 6 7 9 10 11 | 11.2
Dodging        | |  2.1
Stealth        | |  1.5

Action                     |  1- 3 |  4- 6 |  7- 9 | 10-12 || total
---------------------------+-------+-------+-------+-------++-------
   Cast: Sting             |    66 |   107 |   165 |   278 ||   616
         Mephitic Cloud    |       |     7 |    23 |    58 ||    88
         Sticky Flame      |       |       |    11 |    48 ||    59
         Olgreb's Toxic Ra |       |       |     3 |    43 ||    46
         Teleport Other    |       |       |     1 |     2 ||     3
         Inner Flame       |       |       |       |     1 ||     1
    Use: Scroll            |       |       |       |    20 ||    20
         Potion            |       |       |       |     1 ||     1
 Armour: Robe              |     4 |    17 |    35 |    82 ||   138
         Leather armour    |       |       |       |    19 ||    19
  Dodge: Dodged            |    10 |    21 |    42 |   103 ||   176

Table legend: (Time is in decaauts)
 A = Elapsed time spent in this place.
 B = Non-inter-level travel time spent in this place.
 C = Inter-level travel time spent in this place.
 D = Time resting spent in this place.
 E = Time spent auto-exploring this place.
 F = Levels seen in this place.
 G = Mean time per level.
                   A        B        C        D        E       F      G
               +--------+--------+--------+--------+--------+-----+--------+
         Total |  13989 |  13159 |    830 |   1309 |  10123 |  13 | 1076.1 |
       Dungeon |  13968 |  13148 |    820 |   1309 |  10123 |  12 | 1164.0 |
        Temple |     20 |     10 |     10 |      0 |      0 |   1 |   20.0 |
               +--------+--------+--------+--------+--------+-----+--------+

Top non-repeatable levels by time:
    D:10: 1622 daAuts
     D:4: 1547 daAuts
     D:8: 1476 daAuts
     D:9: 1424 daAuts
     D:6: 1396 daAuts
    D:11: 1338 daAuts
     D:7: 1092 daAuts
     D:3: 1040 daAuts
     D:1: 1015 daAuts
     D:5: 964 daAuts
     D:2: 915 daAuts
    D:12: 135 daAuts
  Temple: 20 daAuts
